AoeStats
← 太阳当空照

Arena

509826913Analyzed
2v2 RM · 5d ago on Sep 28, 2026· 38m 43s· 4 players
Game mode
Random Map
Map size
Medium (4 player)
Population
200
Speed
Normal
Resources
Standard
Victory
Conquest
Starting age
Dark Age
Ending age
Imperial Age
RankedLock teamsTeams togetherTeam positionsShared explorationLock speedFull tech treeHidden civsTurbo modeCheats
Victory
Defeat
🇺🇸 Muisca · United States
1287
+14
🇨🇴 Muisca · Colombia
1233
+16
🇨🇳 Spanish · China
1256
-16
🇨🇳 Spanish · China
1221
-14
小虾米
11:06 Feudal Age
15:00 Castle Age
12:47 Loom
14:00 Double-Bit Axe
13:58 Horse Collar
14:20 Padded Archer Armor
23:15 Town Watch
30:04 Fletching
30:30 Leather Archer Armor
35:08 Bloodlines
35:59 Bodkin Arrow
37:35 Forging
37:32 Scale Barding Armor
36:57 Light Cavalry
太阳当空照
11:18 Feudal Age
15:58 Castle Age
16:06 Double-Bit Axe
16:02 Horse Collar
37:06 Loom
LRNI MarinM
8:53 Feudal Age
7:09 Loom
12:39 Castle Age
11:01 Double-Bit Axe
12:48 Gold Mining
15:49 Fervor
16:00 Sanctity
18:19 Sanctity
22:50 Redemption
25:59 Scale Mail Armor
26:09 Forging
31:33 Wheelbarrow
36:07 Chain Mail Armor
36:31 Iron Casting
36:10 Squires
Kevionyx
0:55 Loom
8:53 Feudal Age
8:09 Loom
12:42 Castle Age
10:58 Double-Bit Axe
13:01 Gold Mining
20:58 Sanctity
26:17 Redemption
33:17 Imperial Age
37:44 Block Printing
Connection lost

Rejoining the realm…

Still unreachable

The connection could not be restored.

Session expired

The server has moved on; the page needs a fresh start.